[ AOE2 MATCH · #506007667 ]
UnrankedWu vs Khmer
Player's team · WIN
Rival team · LOSS
[ REPLAY ANALYSIS · EXTRACTED FROM THE RECORDED GAME ]
Feudal
10:31
Castle
21:45
Imperial
41:22
| APM avg | 48.5 |
| APM peak | 106 |
| eAPM avg | 25.9 |
| Villagers / military | 163 / 189 |
Focus
⚔️ 33.8% · 🌾 66.2%
Spearman ×103 · Cavalry Archer ×38 · Skirmisher ×17 · Unknown (1968) ×17 · Battering Ram ×13 · Monk ×12
Feudal
8:52
Castle
23:55
Imperial
46:39
| APM avg | 54.7 |
| APM peak | 90 |
| eAPM avg | 23.2 |
| Villagers / military | 183 / 151 |
Focus
⚔️ 33.4% · 🌾 66.6%
Scout Cavalry ×60 · Knight ×22 · Battle Elephant ×21 · Scorpion ×17 · Archer ×13 · Ballista Elephant ×11
Match map
Initial resources + every placement click. Lines = walls · curves = elevation contours. ◆ gold · ⬟ stone · ● berries · ✦ relic · ◌ wall gap
Your base· ✓ Closed at 21:45 · 22t walls · no gate
CORP_D1eg0's base· ✓ Closed at 23:55 · 40t walls · no gate
Smoothed initial terrain · ◌ = detected wall gap · hover for details
Inputs per minute
— Escalus - - CORP_D1eg0
Build order — Escalus
First 150 of 529 actions detected
| 0:00 | Queue | Villager (Male) |
| 0:01 | Queue | Villager (Male) |
| 0:01 | Build | House |
| 0:02 | Build | House |
| 0:05 | Queue | Villager (Male) |
| 0:26 | Queue | Villager (Male) |
| 1:23 | Queue | Villager (Male) |
| 1:51 | Build | Lumber Camp |
| 1:52 | Queue | Villager (Male) |
| 2:08 | Queue | Villager (Male) |
| 2:36 | Queue | Villager (Male) |
| 2:51 | Queue | Villager (Male) |
| 3:32 | Queue | Villager (Male) |
| 3:44 | Queue | Villager (Male) |
| 3:52 | Build | House |
| 4:27 | Queue | Villager (Male) |
| 4:40 | Queue | Villager (Male) |
| 4:59 | Build | Barracks |
| 5:16 | Queue | Villager (Male) |
| 5:27 | Build | House |
| 5:48 | Queue | Villager (Male) |
| 5:53 | Queue | Villager (Male) |
| 5:59 | Queue | Militia |
| 5:59 | Queue | Militia |
| 5:59 | Queue | Militia |
| 6:09 | Build | Mill |
| 6:25 | Queue | Villager (Male) |
| 6:42 | Queue | Militia |
| 6:49 | Build | House |
| 7:04 | Queue | Villager (Male) |
| 7:04 | Queue | Villager (Male) |
| 7:23 | Research | Loom |
| 8:18 | Research | Feudal Age |
| 8:28 | Build | Lumber Camp |
| 8:45 | Build | House |
| 9:04 | Build | Mining Camp |
| 9:50 | Queue | Villager (Male) |
| 10:02 | Queue | Villager (Male) |
| 10:25 | Queue | Villager (Male) |
| 10:31 | Age | Feudal Age |
| 10:33 | Build | Archery Range |
| 10:39 | Build | Blacksmith |
| 10:57 | Build | Palisade Wall |
| 11:10 | Build | House |
| 11:14 | Queue | Villager (Male) |
| 11:19 | Queue | Skirmisher |
| 11:19 | Queue | Skirmisher |
| 11:26 | Research | Fletching |
| 11:34 | Build | Farm |
| 11:36 | Build | Farm |
| 11:37 | Build | Farm |
| 11:45 | Queue | Villager (Male) |
| 11:54 | Queue | Skirmisher |
| 12:03 | Build | Farm |
| 12:09 | Queue | Villager (Male) |
| 12:16 | Build | Palisade Wall |
| 12:24 | Build | Farm |
| 12:25 | Queue | Skirmisher |
| 12:30 | Build | House |
| 12:42 | Build | Palisade Wall |
| 12:49 | Queue | Skirmisher |
| 12:49 | Queue | Villager (Male) |
| 12:55 | Build | Farm |
| 13:02 | Research | Double-Bit Axe |
| 13:22 | Queue | Skirmisher |
| 13:30 | Queue | Skirmisher |
| 13:30 | Queue | Villager (Male) |
| 13:34 | Build | Farm |
| 13:45 | Queue | Skirmisher |
| 13:48 | Build | House |
| 13:51 | Queue | Villager (Male) |
| 14:04 | Build | Farm |
| 14:05 | Build | Farm |
| 14:15 | Queue | Villager (Male) |
| 14:18 | Build | House |
| 14:19 | Queue | Skirmisher |
| 14:28 | Queue | Villager (Male) |
| 14:51 | Queue | Villager (Male) |
| 14:56 | Build | Farm |
| 15:00 | Queue | Villager (Male) |
| 15:05 | Build | Farm |
| 15:06 | Build | Farm |
| 15:15 | Build | Watch Tower |
| 15:21 | Build | Palisade Wall |
| 15:36 | Build | Farm |
| 15:37 | Queue | Villager (Male) |
| 15:56 | Queue | Villager (Male) |
| 16:03 | Queue | Villager (Male) |
| 16:09 | Build | Farm |
| 16:15 | Build | Farm |
| 16:16 | Build | Farm |
| 16:19 | Build | Farm |
| 16:20 | Queue | Villager (Male) |
| 16:28 | Queue | Skirmisher |
| 16:33 | Queue | Villager (Male) |
| 16:42 | Build | Farm |
| 16:49 | Build | House |
| 17:05 | Build | House |
| 17:07 | Build | House |
| 17:09 | Queue | Villager (Male) |
| 17:23 | Queue | Villager (Male) |
| 17:25 | Build | Market |
| 17:31 | Queue | Spearman |
| 17:53 | Queue | Villager (Male) |
| 18:08 | Build | Farm |
| 18:09 | Build | Farm |
| 18:16 | Build | House |
| 18:18 | Queue | Villager (Male) |
| 18:47 | Build | House |
| 18:51 | Build | House |
| 19:04 | Queue | Skirmisher |
| 19:05 | Research | Castle Age |
| 19:13 | Build | Market |
| 19:19 | Build | Market |
| 19:20 | Queue | Skirmisher |
| 19:21 | Queue | Skirmisher |
| 19:25 | Research | Padded Archer Armor |
| 19:40 | Queue | Villager (Male) |
| 20:16 | Queue | Skirmisher |
| 20:22 | Build | House |
| 20:25 | Build | Farm |
| 20:26 | Research | Horse Collar |
| 20:36 | Build | Farm |
| 20:46 | Research | Scale Mail Armor |
| 20:53 | Build | Farm |
| 21:03 | Build | House |
| 21:06 | Build | Farm |
| 21:13 | Research | Wheelbarrow |
| 21:27 | Build | Market |
| 21:34 | Build | House |
| 21:45 | Age | Castle Age |
| 21:49 | Queue | Unit 1974 |
| 21:49 | Queue | Unit 1974 |
| 21:51 | Queue | Villager (Male) |
| 21:51 | Queue | Villager (Male) |
| 21:52 | Research | Bodkin Arrow |
| 21:52 | Research | Elite Skirmisher (upgrade) |
| 21:54 | Build | Farm |
| 21:55 | Queue | Skirmisher |
| 21:59 | Queue | Villager (Male) |
| 22:04 | Build | House |
| 22:08 | Build | Stone Wall |
| 22:13 | Queue | Unit 1974 |
| 22:13 | Queue | Villager (Male) |
| 22:24 | Queue | Skirmisher |
| 22:24 | Queue | Skirmisher |
| 22:25 | Queue | Villager (Male) |
| 22:30 | Queue | Unit 1974 |
| 22:36 | Queue | Villager (Male) |
| 22:41 | Build | House |
Build order — CORP_D1eg0
First 150 of 450 actions detected
| 0:00 | Queue | Villager (Male) |
| 0:00 | Queue | Villager (Male) |
| 0:02 | Build | House |
| 0:03 | Build | House |
| 0:04 | Queue | Villager (Male) |
| 0:04 | Queue | Villager (Male) |
| 1:22 | Queue | Villager (Male) |
| 1:22 | Queue | Villager (Male) |
| 1:57 | Queue | Villager (Male) |
| 2:12 | Queue | Villager (Male) |
| 2:13 | Queue | Villager (Male) |
| 2:26 | Build | Lumber Camp |
| 2:39 | Queue | Villager (Male) |
| 2:39 | Queue | Villager (Male) |
| 3:07 | Queue | Villager (Male) |
| 3:08 | Queue | Villager (Male) |
| 3:08 | Queue | Villager (Male) |
| 3:20 | Build | House |
| 3:28 | Queue | Villager (Male) |
| 3:28 | Queue | Villager (Male) |
| 4:13 | Queue | Villager (Male) |
| 4:18 | Queue | Villager (Male) |
| 4:34 | Queue | Villager (Male) |
| 4:34 | Queue | Villager (Male) |
| 5:21 | Queue | Villager (Male) |
| 6:00 | Research | Loom |
| 6:20 | Build | Mining Camp |
| 6:42 | Research | Feudal Age |
| 7:21 | Build | House |
| 8:13 | Build | Palisade Wall |
| 8:16 | Build | Palisade Wall |
| 8:18 | Build | Palisade Wall |
| 8:52 | Age | Feudal Age |
| 8:57 | Build | Archery Range |
| 9:00 | Queue | Villager (Male) |
| 9:01 | Queue | Villager (Male) |
| 9:18 | Build | Blacksmith |
| 9:23 | Queue | Villager (Male) |
| 9:40 | Queue | Archer |
| 9:43 | Queue | Villager (Male) |
| 9:46 | Build | House |
| 10:25 | Queue | Villager (Male) |
| 10:28 | Build | House |
| 10:31 | Build | Farm |
| 10:57 | Queue | Archer |
| 10:58 | Queue | Archer |
| 10:59 | Research | Fletching |
| 11:21 | Build | Farm |
| 11:31 | Queue | Villager (Male) |
| 11:34 | Build | Farm |
| 11:53 | Queue | Archer |
| 11:57 | Build | Farm |
| 12:00 | Build | Farm |
| 12:08 | Build | House |
| 12:09 | Build | Palisade Wall |
| 12:12 | Queue | Archer |
| 12:26 | Build | Farm |
| 12:27 | Queue | Villager (Male) |
| 12:28 | Queue | Archer |
| 12:47 | Queue | Archer |
| 12:52 | Queue | Villager (Male) |
| 13:12 | Queue | Archer |
| 13:28 | Queue | Villager (Male) |
| 13:30 | Build | Farm |
| 13:33 | Build | Farm |
| 13:52 | Queue | Archer |
| 13:53 | Queue | Villager (Male) |
| 13:58 | Build | Farm |
| 14:09 | Queue | Villager (Male) |
| 14:23 | Build | Stable |
| 14:51 | Queue | Villager (Male) |
| 14:53 | Queue | Archer |
| 14:54 | Queue | Villager (Male) |
| 15:00 | Queue | Villager (Male) |
| 15:06 | Build | House |
| 15:14 | Build | House |
| 15:15 | Build | Palisade Wall |
| 15:19 | Queue | Scout Cavalry |
| 15:23 | Build | Farm |
| 15:25 | Build | Farm |
| 15:29 | Build | Farm |
| 15:37 | Queue | Archer |
| 15:42 | Queue | Scout Cavalry |
| 15:48 | Build | Farm |
| 15:52 | Build | House |
| 15:53 | Build | Palisade Wall |
| 16:11 | Build | Palisade Wall |
| 16:11 | Queue | Villager (Male) |
| 16:18 | Queue | Scout Cavalry |
| 16:26 | Queue | Villager (Male) |
| 16:29 | Build | Farm |
| 16:35 | Build | Palisade Wall |
| 16:38 | Build | House |
| 16:43 | Queue | Scout Cavalry |
| 17:04 | Queue | Villager (Male) |
| 17:05 | Queue | Archer |
| 17:05 | Queue | Archer |
| 17:17 | Queue | Scout Cavalry |
| 17:22 | Queue | Villager (Male) |
| 17:34 | Build | Farm |
| 17:38 | Build | Farm |
| 17:40 | Build | Farm |
| 17:50 | Queue | Villager (Male) |
| 18:11 | Build | Farm |
| 18:15 | Queue | Villager (Male) |
| 18:33 | Queue | Villager (Male) |
| 18:35 | Build | Farm |
| 18:44 | Build | Palisade Wall |
| 19:17 | Research | Forging |
| 19:17 | Queue | Villager (Male) |
| 19:22 | Build | House |
| 19:22 | Build | Palisade Wall |
| 20:00 | Queue | Villager (Male) |
| 20:04 | Build | Market |
| 20:06 | Queue | Villager (Male) |
| 20:25 | Queue | Villager (Male) |
| 20:44 | Build | House |
| 20:59 | Research | Castle Age |
| 21:47 | Research | Scale Barding Armor |
| 21:59 | Build | Mill |
| 22:39 | Queue | Villager (Male) |
| 22:42 | Research | Bloodlines |
| 22:47 | Queue | Villager (Male) |
| 23:55 | Age | Castle Age |
| 23:56 | Queue | Villager (Male) |
| 24:00 | Build | Stable |
| 24:05 | Queue | Knight |
| 24:05 | Queue | Knight |
| 24:06 | Queue | Knight |
| 24:06 | Queue | Knight |
| 24:07 | Research | Chain Barding Armor |
| 24:08 | Queue | Villager (Male) |
| 24:22 | Research | Horse Collar |
| 24:22 | Research | Double-Bit Axe |
| 24:24 | Queue | Villager (Male) |
| 24:40 | Queue | Cavalry Archer |
| 24:40 | Queue | Cavalry Archer |
| 24:49 | Queue | Villager (Male) |
| 25:00 | Queue | Knight |
| 25:01 | Queue | Knight |
| 25:01 | Queue | Knight |
| 25:02 | Queue | Villager (Male) |
| 25:09 | Build | House |
| 25:10 | Build | House |
| 25:26 | Research | Husbandry |
| 25:30 | Queue | Cavalry Archer |
| 25:33 | Queue | Villager (Male) |
| 25:38 | Research | Gold Mining |
| 25:38 | Research | Gold Mining |
| 25:42 | Queue | Villager (Male) |
Match timeline
| 4:59 | Escalus · first_building Barracks |
| 8:13 | CORP_D1eg0 · wall_segment Palisade Wall x1 |
| 8:16 | CORP_D1eg0 · wall_segment Palisade Wall x1 |
| 8:18 | CORP_D1eg0 · wall_segment Palisade Wall x1 |
| 8:52 | CORP_D1eg0 · age_up feudal |
| 8:57 | CORP_D1eg0 · first_building Archery Range |
| 10:31 | Escalus · age_up feudal |
| 10:33 | Escalus · first_building Archery Range |
| 10:57 | Escalus · wall_segment Palisade Wall x7 |
| 12:09 | CORP_D1eg0 · wall_segment Palisade Wall x7 |
| 12:16 | Escalus · wall_segment Palisade Wall x3 |
| 12:42 | Escalus · wall_segment Palisade Wall x3 |
| 14:23 | CORP_D1eg0 · first_building Stable |
| 15:15 | CORP_D1eg0 · wall_segment Palisade Wall x5 |
| 15:21 | Escalus · wall_segment Palisade Wall x9 |
| 15:53 | CORP_D1eg0 · wall_segment Palisade Wall x6 |
| 16:11 | CORP_D1eg0 · wall_segment Palisade Wall x8 |
| 16:35 | CORP_D1eg0 · wall_segment Palisade Wall x1 |
| 18:44 | CORP_D1eg0 · wall_segment Palisade Wall x4 |
| 19:22 | CORP_D1eg0 · wall_segment Palisade Wall x6 |
| 21:45 | Escalus · age_up castle |
| 22:08 | Escalus · wall_segment Stone Wall x1 |
| 23:50 | Escalus · first_market_buy 100 wood |
| 23:55 | CORP_D1eg0 · age_up castle |
| 24:20 | CORP_D1eg0 · first_market_buy 100 wood |
| 24:52 | Escalus · first_market_sell 100 food |
| 26:54 | Escalus · first_building Monastery |
| 29:03 | CORP_D1eg0 · first_building Siege Workshop |
| 31:10 | Escalus · first_building Stable |
| 32:33 | Escalus · first_building Siege Workshop |
| 34:53 | Escalus · first_building Castle |
| 39:05 | CORP_D1eg0 · first_building Castle |
| 41:22 | Escalus · age_up imperial |
| 46:39 | CORP_D1eg0 · age_up imperial |
| 49:22 | CORP_D1eg0 · resign |
[ AI ANALYSIS · 1 CREDIT ]
What really happened in this match?
Wolo.gg analyzes every decision: build order, eco, micro, common mistakes by bracket. Personalized analysis on WhatsApp or Discord in 30 seconds.
Civ guide
Wu
Perfil
Jugador #757980